 Dungeon Crawl Stone Soup version 0.19-a0-2173-g1ee194f (webtiles) character file.

31686 HarryHood the Basher (level 13, -1/118 HPs)
             Began as a Minotaur Berserker on Feb 21, 2017.
             Was a High Priest of Trog.
             Succumbed to a black mamba's poison
             ... on level 1 of the Snake Pit on Feb 22, 2017.
             The game lasted 00:42:24 (12276 turns).

HarryHood the Basher (Minotaur Berserker)          Turns: 12276, Time: 00:42:24

Health: -1/118     AC: 30 (39%)Str: 25  XL:     13   Next: 27%
Magic:  12/12      EV: 13    Int:  4    God:    Trog [*****.]
Gold:   1341       SH:  4    Dex: 12    Spells: 12/12 levels left

rFire    . . .     SeeInvis .   a - +3 dire flail (protect)
rCold    . . .     Faith    .   y - +2 plate armour {rPois}
rNeg     . . .     Spirit   .   (shield currently unavailable)
rPois    +         Reflect  +   o - +1 hat
rElec    .                      q - +0 cloak
rCorr    +                      C - +1 pair of gloves
MR       .....                  n - +1 pair of boots
Stlth    ..........             h - +4 amulet of reflection
Regen    0.3/turn               (no ring)
                                j - ring of resist corrosion

@: lethally poisoned (-1 -> -17)
A: retaliatory headbutt, horns 2
a: Berserk, Trog's Hand, Brothers in Arms, Renounce Religion


You were on level 1 of the Snake Pit.
You worshipped Trog.
Trog was extremely pleased with you.
You were not hungry.

You visited 4 branches of the dungeon, and saw 17 of its levels.
You also visited: Ossuary.

You collected 1341 gold pieces.

Inventory:

Hand Weapons
 a - a +3 dire flail of protection (weapon)
 b - a +4 hunting sling of freezing
Missiles
 d - 674 sling bullets
Armour
 n - a +1 pair of boots (worn)
 o - a +1 hat (worn)
 q - a +0 cloak (worn)
 t - a +0 shield
 y - a +2 plate armour of poison resistance (worn)
 C - a +1 pair of gloves (worn)
Jewellery
 h - a +4 amulet of reflection (around neck)
 j - a ring of resist corrosion (left hand)
Scrolls
 e - 5 scrolls of blinking {@r7}
 i - 3 scrolls of magic mapping
 s - 5 scrolls of teleportation {@r0}
 u - 2 scrolls of fog
 w - 4 scrolls of fear
Potions
 c - 2 potions of flight
 f - 2 potions of cancellation
 g - 4 potions of invisibility
 k - 11 potions of curing {@q2}
 l - a potion of agility
 m - a potion of cure mutation
 p - 2 potions of brilliance
 r - 2 potions of berserk rage
 v - 4 potions of heal wounds {@q1}
 x - 5 potions of magic
 z - 3 potions of might
 A - 2 potions of haste
 B - 2 potions of resistance


   Skills:
 - Level 12.0 Fighting
 - Level 13.0 Maces & Flails
 - Level 10.0 Slings
 - Level 12.0 Armour
 * Level 12.6 Dodging


You had 12 spell levels left.
You didn't know any spells.

Dungeon Overview and Level Annotations

Branches:
Dungeon (14/15)            Temple (1/1) D:7           Snake (1/3) D:13
    Orc (1/2) D:10
   Lair: D:-1         Swamp: D:13-14     Shoals: D:13-14      Crypt: Vaults:-1
   Tomb: Vaults:-1

Altars:
Cheibriados
Dithmenos
Elyvilon
Gozag
Hepliaklqana
Kikubaaqudgha
Makhleb
Nemelex Xobeh
Okawaru
Qazlal
Ru
Sif Muna
Trog
Uskayaw
Vehumet
Xom
Yredelemnul
Zin
The Shining One


Innate Abilities, Weirdness & Mutations

You reflexively headbutt those who attack you in melee.
You have a pair of horns on your head.


Message History

* * * LOW HITPOINT WARNING * * *
You barely miss the naga sharpshooter.
The naga sharpshooter is almost dead.
You feel sick. The black mamba bites you (6).
* * * LOW HITPOINT WARNING * * *
You miss the black mamba.
The black mamba is moderately wounded.
You feel sick. The black mamba bites you (7)!
* * * LOW HITPOINT WARNING * * *
The naga sharpshooter shoots an arrow.
The arrow hits you but does no damage.
You sock the naga sharpshooter (12)!
You kill the naga sharpshooter!
Trog accepts your kill.
Trog appreciates your killing of a magic user.
* * * LOW HITPOINT WARNING * * *
You feel sick. The black mamba bites you (12)!
* * * LOW HITPOINT WARNING * * *
You barely miss the black mamba.
The black mamba is moderately wounded.
You die...

###..........##.....##
#..........#.#...#.#
#..........#.#...#)#
#..........# #.8.#.#
#..........# #...#.#
###........# #...#.#
###......# .#...##
###.....###'###
#######)@S..#
#.#####.# # #


You could see a black mamba.

Vanquished Creatures
  Gastronok (D:8)
  Frances (D:12)
  A stone giant (Orc:1)
  A hydra (D:12)
  A centaur warrior (D:14)
  An anaconda (Snake:1)
  3 two-headed ogres
  3 naga sharpshooters (Snake:1)
  A sun demon (D:13)
  A shock serpent (Snake:1)
  A deep elf mage (D:12)
  Pikel (D:6)
  An ugly thing (D:13)
  2 cyclopes
  A manticore (D:11)
  2 black mambas
  A torpor snail (D:12)
  A naga mage (Snake:1)
  6 orange demons (D:13)
  2 spiny frogs
  A gargoyle (D:13)
  2 centaur skeletons
  An efreet (D:14)
  3 meliai (D:12)
  Grinder (D:4)
  4 trolls
  5 blink frogs (D:12)
  Prince Ribbit (D:7)
  A shadow (D:13)
  12 yaks (D:9)
  4 wyverns
  A steam dragon (D:7)
  3 angry ghosts
  Edmund (D:4)
  6 nagas
  4 water moccasins
  A spiny frog zombie (D:8)
  6 orc warriors
  5 ice beasts
  4 black bears
  A wasp (D:11)
  A black bear (shapeshifter) (D:12)
  A phantom (D:10)
  7 ogres
  9 centaurs
  An elf zombie (Ossuary)
  2 bullfrogs
  A gnoll sergeant (D:5)
  6 wyvern skeletons
  5 troll zombies (D:10)
  6 killer bees (D:8)
  8 wights
  3 howler monkeys (D:8)
  A wasp zombie (D:9)
  4 crimson imps
  A bullfrog zombie (D:5)
  6 centaur zombies
  7 hounds
  8 orc priests
  A gnoll shaman (D:6)
  3 jellies
  3 orc wizards
  5 worker ants
  5 iguanas
  6 ogre zombies
  7 mummies (Ossuary)
  A howler monkey zombie (D:6)
  7 adders
  14 gnolls
  A shadow imp (D:4)
  An ooze (D:7)
  2 adder zombies (Ossuary)
  4 dart slugs
  29 orcs
  13 quokkas
  6 bats
  6 giant cockroaches
  A gnoll zombie (Ossuary)
  8 goblins
  7 hobgoblins
  3 jackals
  3 ball pythons
  9 frilled lizards
  A goblin skeleton (D:10)
  8 goblin zombies
  4 hobgoblin skeletons (D:10)
  8 hobgoblin zombies
  A jackal zombie (D:5)
  7 kobolds
  5 kobold zombies (Ossuary)
  2 orc skeletons (D:10)
  12 orc zombies (D:10)
  5 quokka zombies
  6 rats (D:1)
  2 rat zombies (Ossuary)
382 creatures vanquished.

Vanquished Creatures (others)
  Harold (D:10)
  A wizard (D:10)
  A scorpion (D:4)
  An iguana (D:6)
  2 adders (D:4)
  2 orcs (D:4)
  A quokka (D:4)
9 creatures vanquished.

Grand Total: 391 creatures vanquished

Notes
Turn   | Place    | Note
-------+----------+-------------------------------------------
     0 | D:1      | HarryHood the Minotaur Berserker began the quest for the Orb.
     0 | D:1      | Reached XP level 1. HP: 19/19 MP: 0/0
   114 | D:1      | Reached skill level 4 in Fighting
   335 | D:1      | Reached XP level 2. HP: 28/28 MP: 1/1
   743 | D:1      | Reached ** piety under Trog
   743 | D:1      | Reached skill level 5 in Fighting
  1036 | D:2      | Reached XP level 3. HP: 36/36 MP: 2/2
  1304 | D:2      | Reached skill level 6 in Fighting
  1304 | D:2      | Reached XP level 4. HP: 40/44 MP: 3/3
  1314 | D:2      | Reached skill level 4 in Maces & Flails
  1962 | D:3      | Found a glowing silver altar of Zin.
  2063 | D:3      | Reached XP level 5. HP: 50/50 MP: 4/4
  2064 | D:3      | Reached skill level 5 in Maces & Flails
  2135 | D:3      | Found a faded altar of an unknown god.
  2409 | D:4      | Reached skill level 6 in Maces & Flails
  2446 | D:4      | Reached *** piety under Trog
  2457 | D:4      | Reached skill level 3 in Armour
  2532 | D:4      | Noticed Edmund
  2540 | D:4      | Killed Edmund
  2540 | D:4      | Reached skill level 4 in Armour
  2540 | D:4      | Reached XP level 6. HP: 41/57 MP: 5/5
  2575 | D:4      | Reached skill level 5 in Armour
  2703 | D:4      | Noticed Grinder
  2712 | D:4      | Killed Grinder
  2712 | D:4      | Reached skill level 6 in Armour
  2712 | D:4      | Reached XP level 7. HP: 60/63 MP: 6/6
  2848 | D:4      | Found a shimmering altar of Xom.
  3123 | D:4      | Reached skill level 3 in Dodging
  3596 | D:5      | Entered Level 5 of the Dungeon
  3636 | D:5      | Found a sand-covered staircase.
  3644 | Ossuary  | Entered an ossuary
  3687 | Ossuary  | Reached skill level 4 in Dodging
  3872 | Ossuary  | Reached skill level 5 in Dodging
  3911 | Ossuary  | Reached **** piety under Trog
  4080 | D:5      | Reached XP level 8. HP: 70/70 MP: 7/7
  4084 | D:5      | Reached skill level 6 in Dodging
  4087 | D:5      | Reached skill level 2 in Slings
  4119 | D:5      | Found an ancient bone altar of Kikubaaqudgha.
  4313 | D:5      | Reached skill level 3 in Slings
  4353 | D:5      | Reached skill level 4 in Slings
  4629 | D:6      | Reached skill level 5 in Slings
  4642 | D:6      | Reached ***** piety under Trog
  4709 | D:6      | Reached skill level 6 in Slings
  4811 | D:6      | Reached skill level 7 in Fighting
  4883 | D:6      | Noticed Pikel
  4893 | D:6      | Killed Pikel
  4893 | D:6      | Reached skill level 8 in Fighting
  4893 | D:6      | Reached XP level 9. HP: 71/82 MP: 8/8
  4910 | D:6      | Received a gift from Trog
  5225 | D:6      | Reached skill level 9 in Fighting
  5367 | D:7      | Got the +1 robe of Poblof {Slay+2}
  5426 | D:7      | Found a hide-covered altar of Uskayaw.
  5429 | D:7      | Found an iron altar of Okawaru.
  5432 | D:7      | Found a glowing silver altar of Zin.
  5664 | D:7      | Found a staircase to the Ecumenical Temple.
  5667 | D:7      | Reached skill level 7 in Maces & Flails
  5682 | Temple   | Entered the Ecumenical Temple
  5852 | D:7      | Found a glowing golden altar of the Shining One.
  6020 | D:7      | Noticed Prince Ribbit
  6031 | D:7      | Killed Prince Ribbit
  6031 | D:7      | Reached skill level 8 in Maces & Flails
  6036 | D:7      | Reached skill level 9 in Maces & Flails
  6059 | D:7      | Reached skill level 7 in Armour
  6257 | D:8      | Reached skill level 8 in Armour
  6287 | D:8      | Noticed a black mamba
  6308 | D:8      | Killed a black mamba
  6308 | D:8      | Reached skill level 9 in Armour
  6308 | D:8      | Reached XP level 10. HP: 80/91 MP: 9/9
  6309 | D:8      | Received a gift from Trog
  6345 | D:8      | Reached skill level 7 in Dodging
  6597 | D:8      | Found a hazy altar of Hepliaklqana.
  6597 | D:8      | Noticed Gastronok
  6616 | D:8      | Killed Gastronok
  6616 | D:8      | Reached skill level 9 in Dodging
  7116 | D:9      | Reached skill level 10 in Fighting
  7261 | D:9      | Reached skill level 11 in Fighting
  7261 | D:9      | Reached XP level 11. HP: 102/102 MP: 10/10
  7282 | D:9      | Noticed a two-headed ogre
  7295 | D:9      | Killed a two-headed ogre
  7436 | D:9      | Received a gift from Trog
  7446 | D:9      | Reached skill level 12 in Fighting
  7602 | D:10     | Entered Level 10 of the Dungeon
  7629 | D:10     | Noticed a two-headed ogre
  7632 | D:10     | Reached skill level 10 in Maces & Flails
  7641 | D:10     | Killed a two-headed ogre
  8061 | D:10     | Found a staircase to the Orcish Mines.
  8061 | D:10     | Noticed a two-headed ogre
  8086 | D:10     | Killed a two-headed ogre
  8086 | D:10     | Reached skill level 11 in Maces & Flails
  8410 | D:10     | Found a bloodstained altar of Trog.
  8413 | D:10     | Noticed a wizard
  8413 | D:10     | Noticed Harold
  8417 | D:10     | Paralysed by Harold for 6 turns
  8419 | D:10     | Killed a wizard
  8431 | D:10     | Killed Harold
  8431 | D:10     | Reached skill level 12 in Maces & Flails
  9250 | D:11     | Reached skill level 13 in Maces & Flails
  9581 | D:12     | Reached skill level 10 in Armour
  9581 | D:12     | Reached XP level 12. HP: 63/112 MP: 11/11
  9962 | D:12     | Noticed Frances
  9963 | D:12     | Noticed an eight-headed hydra
  9991 | D:12     | Killed Frances
  9991 | D:12     | Reached skill level 11 in Armour
  9996 | D:12     | Killed an eight-headed hydra
  9996 | D:12     | Reached skill level 12 in Armour
 10196 | D:12     | Reached skill level 10 in Dodging
 10312 | D:12     | Received a gift from Trog
 10372 | D:12     | Reached skill level 11 in Dodging
 10728 | D:13     | Found a staircase to the Snake Pit.
 10867 | D:13     | Reached skill level 12 in Dodging
 10889 | D:13     | Reached skill level 7 in Slings
 11206 | D:13     | Reached skill level 8 in Slings
 11388 | D:14     | Noticed a centaur warrior
 11400 | D:14     | Killed a centaur warrior
 11400 | D:14     | Received a gift from Trog
 11411 | D:14     | Reached XP level 13. HP: 63/118 MP: 12/12
 11736 | Orc:1    | Entered Level 1 of the Orcish Mines
 11736 | Orc:1    | Noticed a stone giant
 11745 | Orc:1    | Killed a stone giant
 11745 | Orc:1    | Reached skill level 9 in Slings
 11974 | Snake:1  | Entered Level 1 of the Snake Pit
 11999 | Snake:1  | Reached skill level 10 in Slings
 12275 | Snake:1  | HP: 1/118 [black mamba (12)]
 12276 | Snake:1  | Succumbed to a black mamba's poison

Vault maps used:
D:1:      scummos_arrival_forest, serial_glass, glass_columns_a,
          glass_columns_b, glass_columns_b, corexii_corridor_pit,
          minmay_crystal_water, minmay_tetromino_o2
D:3:      ecumenical_altar_1, lemuel_statue_altar
D:4:      xom_confusion_cloud, uniq_grinder, uniq_edmund
D:5:      kiku_gazebo_pond_becter, nicolae_ossuary_entry_plus
D:6:      uniq_pikel
D:7:      tso_oasis_becter, grunt_temple_overflow_diamond,
          minmay_temple_entry_butterflies, uniq_prince_ribbit1
D:8:      lemuel_crystal_altar, uniq_gastronok
D:10:     zombieorc2_lemuel, trog_wizard, uniq_harold
D:12:     uniq_frances
D:13:     minmay_snake_entry_guardpost_small, small_statue_alley_a,
          minmay_beelzebubs_servants
D:14:     hangedman_decor_lopped, kennysheep_generic_room_16
Temple:   nicolae_temple_no_exploring_needed
Snake:1:  grunt_megastairs_1, uniq_louise
Orc:1:    nicolae_orc_accident_3
Ossuary:  ossuary_boxes_badplayer

Skill      XL: |  1  2  3  4  5  6  7  8  9 10 11 12 13 |
---------------+----------------------------------------+-----
Fighting       | 4 5 6 8 9 11 12 | 12.0
Maces & Flails | 4 6 9 13 | 13.0
Armour         | 4 6 9 10 12 | 12.0
Dodging        | 5 6 9 12 | 12.6
Slings         | 6 8 10 | 10.0

Action                   |  1- 3 |  4- 6 |  7- 9 | 10-12 | 13-15 || total
-------------------------+-------+-------+-------+-------+-------++-------
Melee: Mace              |    67 |    56 |       |       |       ||   123
       Headbutt          |     9 |    22 |    73 |   135 |    25 ||   264
       Morningstar       |       |    34 |       |       |       ||    34
       Dire flail        |       |    14 |   337 |   575 |    98 ||  1024
 Fire: Hunting sling     |       |       |       |    11 |       ||    11
Invok: Berserk           |       |       |     1 |     3 |       ||     4
       Trog's Hand       |       |       |       |     1 |       ||     1
  Use: Scroll            |       |       |     2 |     2 |       ||     4
       Potion            |       |       |       |     1 |       ||     1
Armor: Animal skin       |     3 |       |       |       |       ||     3
       Ring mail         |     8 |    27 |     2 |       |       ||    37
       Chain mail        |       |       |   103 |       |       ||   103
       Plate armour      |       |       |    55 |   287 |    39 ||   381
Dodge: Dodged            |    49 |    60 |   128 |   249 |    48 ||   534
Block: Other             |       |       |       |    61 |    25 ||    86
       Reflection        |       |       |       |     2 |     4 ||     6
